lillith, chaotic female human Rogue --------- ------ |....&.&.# |_[[..# ##....@(f.|# .......| |[[)[|# # |..I....| .| --[---##` ### --------- | [ # ####### # ### #### ) # ---------- #### # ##.....`....######## ## |.......>| ### -.----- |........| |.....-#### |........-## |.....| # |........|## ..-...--. ###################### |.....| ##........[|#####-.......| # ----.--- ------- ---------. ### |........# *#*# ..--.-*--#########-......| ###|........####*##.^......+# |I.....| #...#....-#######.[....... #.......| --------- ` |..#.....#########-------- --------- lillith the Rogue Experience level: 8 Strength: 16 Dexterity: 18 Constitution: 18 Intelligence: 10 Wisdom: 7 Charisma: 8 Health: 0(76) Energy: 29(29) Def: 8 Gold: 0 Moves: 8017 Dungeon seed: svhPo7cphHR5UwTL Game ID: lillith_1520187842 Your Inventory: Weapons a - an uncursed +1 dagger named +1 (weapon in hand) b - 9 uncursed +0 daggers (in quiver) Armor e - an uncursed +0 dwarvish cloak (being worn) g - an uncursed thoroughly rusty +1 Uruk-hai shield (being worn) n - an uncursed thoroughly rusty +0 dwarvish iron helm (being worn) q - an uncursed +0 dwarvish mithril-coat (being worn) Y - an uncursed +0 pair of elven boots (being worn) Comestibles d - an uncursed lizard corpse Wands v - a cursed wand of speed monster (0:2) C - a cursed wand of undead turning (0:3) Tools f - an uncursed +0 unicorn horn h - an uncursed blindfold k - an uncursed skeleton key s - an uncursed sack B - an uncursed bag of holding P - an uncursed magic whistle Contents of the bag of holding: 2301 gold pieces an uncursed +1 dagger 9 uncursed +0 daggers a cursed +0 dwarvish mattock 5 uncursed +2 elven arrows 30 cursed +2 elven arrows 8 cursed +0 elven arrows a cursed +1 elven bow a cursed +1 elven dagger 10 uncursed poisoned +0 orcish arrows a cursed +2 elven cloak a cursed apple an uncursed clove of garlic an uncursed cram ration 3 uncursed eggs 2 cursed food rations a cursed partly eaten lembas wafer 2 uncursed lizard corpses 2 cursed slime molds a cursed tripe ration an uncursed scroll of confuse monster an uncursed scroll of create monster 3 cursed scrolls of create monster 2 cursed scrolls of earth a cursed scroll of enchant armor a cursed scroll of enchant weapon 2 cursed scrolls of gold detection a cursed scroll of identify an uncursed scroll of remove curse 2 cursed scrolls of remove curse a blessed scroll of teleportation a cursed potion of object detection an uncursed potion of sleeping 2 uncursed potions of speed 3 potions of unholy water a cursed ring of aggravate monster a cursed ring of conflict a cursed ring of levitation an uncursed wand of create monster (0:11) a blessed wand of create monster (0:3) an uncursed leather drum an uncursed lock pick a cursed mirror an uncursed oilskin sack named oilskin? a cursed +0 pick-axe 13 uncursed tallow candles (0:200) a cursed tin whistle 6 uncursed wax candles (0:400) 2 uncursed amethyst stones an uncursed garnet stone a cursed jade stone an uncursed jet stone an uncursed worthless piece of black glass an uncursed worthless piece of blue glass 2 uncursed worthless pieces of green glass a cursed worthless piece of red glass an uncursed worthless piece of violet glass 3 uncursed worthless pieces of white glass an uncursed worthless piece of yellowish brown glass Spells and supernatural/magical abilities: Name Level Category Fail Memory W - pray for help -- divine ? -- Your skills at the end: Fighting Skills Weapon Skills dagger [Skilled] short sword [Basic] Spellcasting Skills Final Attributes: You were piously aligned. You were telepathic. You were stealthy. You are dead. Vanquished creatures: a ghost a quantum mechanic a dwarf king a tengu a leather golem 2 giant beetles a panther a leprechaun a horse a gnome king a dwarf mummy a brown pudding a rust monster 3 lizards a dingo 2 jaguars a gray unicorn a raven an ape an imp a mountain nymph 8 Uruk-hai an orc shaman a rock mole 2 ponies 3 yellow lights 4 shriekers 2 violet fungi 5 gnome lords 3 gnomish wizards 2 red naga hatchlings a black naga hatchling 2 elf zombies 2 straw golems 4 giant ants 2 floating eyes a kitten 9 dwarves a kobold shaman 6 hill orcs a rothe a giant bat a monkey 5 orc zombies 3 iguanas 4 acid blobs 5 coyotes a gas spore a hobbit a large kobold 4 hobgoblins 3 cave spiders 4 brown molds 3 yellow molds a green mold 2 red molds 24 gnomes a garter snake 5 geckos 6 jackals 4 foxes 5 goblins a sewer rat 3 grid bugs 4 bats 5 lichens 2 kobold zombies 12 newts 196 creatures vanquished. Voluntary challenges: You had been an atheist until turn 3499. You used a wielded weapon 291 times, starting on turn 3. You read items or engraved 110 times, starting on turn 1793. You never genocided any monsters. You never polymorphed an object. You never changed form. You used no wishes. You never split a pudding. You wrote Elbereth's name 105 times, starting on turn 1793. You never violated your personal moral code. Dungeon overview: The Dungeons of Doom: levels 1 to 10 Level 1 some fountains a long staircase Level 2 a potion shop, a fountain Level 3 stairs to The Gnomish Mines Level 4 Level 5 a scroll shop Level 6 some fountains Level 8 a fountain Level 9 <- You were here an altar to Mog, a fountain, some sinks Level 10 (bigroom) The Gnomish Mines: levels 4 to 7 Level 4 stairs to The Dungeons of Doom Level 5 Level 6 many shops, a temple to Issek, some fountains, some trees Level 7 History has recorded: On T:1 you entered the Dungeons of Doom to retrieve the Amulet of Yendor! On T:608 you reached level 2 of The Dungeons of Doom. On T:857 you advanced to experience level 2. On T:942 you reached level 3 of The Dungeons of Doom. On T:977 you reached level 4 of The Dungeons of Doom. On T:1142 you advanced to experience level 3. On T:1687 you reached level 1 of The Gnomish Mines. On T:1848 you advanced to experience level 4. On T:2099 you advanced to experience level 5. On T:2333 you reached level 2 of The Gnomish Mines. On T:2487 you reached level 3 of The Gnomish Mines. On T:3319 you advanced to experience level 6. On T:3662 you reached level 4 of The Gnomish Mines. On T:4707 you advanced to experience level 7. On T:6293 you reached level 5 of The Dungeons of Doom. On T:6603 you reached level 6 of The Dungeons of Doom. On T:6918 you reached level 9 of The Dungeons of Doom. On T:7217 you reached level 10 of The Dungeons of Doom. On T:7412 you reached level 8 of The Dungeons of Doom. On T:7894 you advanced to experience level 8. Score breakdown: Gold: 2301 (11436 points) Experience: 8 levels (14739 points) Exploration: 10 levels ( 21.28%) (13269 points) Discoveries: 16 items ( 5.37%) ( 6951 points) Valuables value: (no points given unless you survive) Artifact value: 0 ( 0 points) Variety of kills: 68 monsters ( 17.85%) (12673 points) Turncount: 8017 turns (-2052 points) Survival: died (score multiplied by 80%) Total score: 45612 Latest messages: Marilith2 misses Trouble. Marilith2 hits Trouble. Marilith2 misses Trouble. (4x) It just misses! It hits! It bites! Trouble misses marilith2. The dagger hits Little Santa Helper. Trouble misses marilith2. Marilith2 hits Trouble. (3x) Marilith2 misses Trouble. Marilith2 hits Trouble. Marilith2 misses Trouble. It hits! (2x) It bites! Little Santa Helper hits! (2x) You die... The sack is empty. The oilskin sack named oilskin? is empty. The sack is empty. The oilskin sack named oilskin? is empty. Final status: Goodbye lillith the Rogue, killed by a marilith called "Little Santa Helper"... You died in The Dungeons of Doom on dungeon level 9 with 45612 points, and 2301 pieces of gold, after 8017 moves. You were level 8 with a maximum of 76 hit points when you died.